 Dungeon Crawl Stone Soup version 0.23.0 (webtiles) character file.

Game seed: 16852797463963227992

204 Peloso the Skirmisher (level 5, -8/47 HPs)
             Began as a Minotaur Fighter on Feb 9, 2019.
             Killed by divine providence
             ... invoked by an orc priest
              (11 damage)
             ... on level 3 of the Dungeon.
             The game lasted 00:02:55 (1409 turns).

Peloso the Skirmisher (Minotaur Fighter)            Turns: 1409, Time: 00:02:55

Health: -8/47      AC:  7    Str: 21    XL:     5   Next: 52%
Magic:  4/4        EV:  8    Int:  5    God:
Gold:   27         SH:  9    Dex: 10    Spells: 4/4 levels left

rFire    + . .     SeeInvis .   a - +0 long sword
rCold    + . .     Gourm    .   c - +0 shield
rNeg     . . .     Faith    .   b - +0 scale mail
rPois    +         Spirit   .   (helmet restricted)
rElec    +         Reflect  .   (no cloak)
rCorr    +         Harm     .   (no gloves)
MR       .....                  (no boots)
Stlth    ..........             (no amulet)
HPRegen  0.15/turn              o - ring of attention (curse)
MPRegen  0.09/turn              (no ring)

@: resistant
A: retaliatory headbutt, horns 2
a: no special abilities


You were on level 3 of the Dungeon.
You were hungry.

You visited 1 branch of the dungeon, and saw 3 of its levels.

You collected 27 gold pieces.

Inventory:

Hand Weapons
 a - a +0 long sword (weapon)
Armour
 b - a +0 scale mail (worn)
 c - a +0 shield (worn)
Jewellery
 n - an uncursed amulet of rage
 o - a cursed ring of attention (left hand)
Scrolls
 e - 2 scrolls of identify {unknown}
 j - a scroll of fear {unknown}
Potions
 d - a potion of might
 h - a potion of heal wounds {unknown}
 i - a potion of agility {unknown}
 k - 2 potions of mutation {unknown}
 l - 2 potions of flight {unknown}
 m - a potion of curing {unknown}
 q - a potion of cancellation {unknown}
Comestibles
 f - 4 rations


   Skills:
 + Level 4.9 Fighting
 + Level 4.4 Long Blades
 + Level 4.4 Armour
 + Level 1.4 Dodging
 + Level 4.5 Shields


You had 4 spell levels left.
You didn't know any spells.
Your spell library was empty.

Dungeon Overview and Level Annotations

Branches:
Dungeon (3/15)

Altars:
Ashenzari
Xom


Innate Abilities, Weirdness & Mutations

You reflexively headbutt those who attack you in melee.
You have a pair of horns on your head.


Message History

* * * LOW HITPOINT WARNING * * *
Your shield and scale mail prevent you from hitting the orc priest.
The orc priest is moderately wounded.
You block the orc's attack. The orc hits you but does no damage.
The orc priest casts a cantrip, but nothing happens.
The orc priest hits you but does no damage.
Unknown command.
You closely miss the orc priest. Your headbutt misses the orc priest.
The orc priest is moderately wounded.
The orc hits you.
* * * LOW HITPOINT WARNING * * *
You block the orc's attack.
The orc priest hits you but does no damage.
You block the orc's attack. The orc hits you.
* * * LOW HITPOINT WARNING * * *
It was a potion of resistance.
You feel protected.
The orc priest invokes the aid of Beogh against you.
Beogh smites you!
You die...

#†#†)(#.##.# .#
####.##††#.##.# .#
#<)........##.# .#
+...........##.##.# #
#####.###.(.......#.#
#.# #..###.)....###
#.# #..#...........#
#.###o.#.#.##.####.#
#..Soo@.....#.#
#....#oo.....###
#....#...##..# #
#.......# +$........
##.#.#.#### #.....#
##.#..#


You could see 2 orc priests, 3 orcs and a ball python.

Vanquished Creatures
  Jessica (D:2)
  Natasha (thrice) (D:2)
  3 gnolls (D:3)
  4 oozes
  A worm (D:2)
  A dart slug (D:1)
  2 leopard geckos
  7 bats
  4 goblins
  5 hobgoblins
  6 jackals
  5 kobolds
  2 quokkas (D:2)
  2 ball pythons
  4 frilled lizards
  3 rats (D:1)
53 creatures vanquished.

Notes
Turn   | Place    | Note
-------+----------+-------------------------------------------
     0 | D:1      | Peloso the Minotaur Fighter began the quest for the Orb.
     0 | D:1      | Reached XP level 1. HP: 19/19 MP: 0/0
   101 | D:1      | Reached XP level 2. HP: 25/27 MP: 1/1
   451 | D:1      | Reached XP level 3. HP: 28/33 MP: 2/2
   661 | D:2      | Reached skill level 1 in Dodging
   802 | D:2      | Found a shimmering altar of Xom.
   908 | D:2      | Found a shattered altar of Ashenzari.
   908 | D:2      | Noticed Natasha
   914 | D:2      | Killed Natasha
   914 | D:2      | Reached XP level 4. HP: 40/40 MP: 3/3
   945 | D:2      | Noticed Jessica
   953 | D:2      | Killed Jessica
  1022 | D:2      | Noticed Natasha
  1027 | D:2      | Killed Natasha
  1262 | D:2      | Noticed Natasha
  1271 | D:2      | Killed Natasha
  1271 | D:2      | Reached XP level 5. HP: 44/47 MP: 4/4
  1409 | D:3      | Killed from afar by an orc priest

Skill      XL: |  1  2  3  4 |
---------------+-------------+-----
Armour         | 4 |  4.4
Shields        | 4 |  4.5
Dodging        | 1 |  1.4
Fighting       | 4 |  4.9
Long Blades    | 3 4 |  4.4

Action                   |  1- 3 |  4- 6 || total
-------------------------+-------+-------++-------
Melee: Long sword        |    71 |    52 ||   123
       Headbutt          |     9 |    10 ||    19
  Use: Potion            |       |     1 ||     1
  Eat: Chunk             |       |     1 ||     1
Armor: Scale mail        |    31 |    37 ||    68
Dodge: Dodged            |    32 |    18 ||    50
Block: Shield            |    54 |    39 ||    93
       Rpst.: Long sword |    12 |     4 ||    16
